 Dungeon Crawl Stone Soup version 0.23.1 (webtiles) character file.

Game seed: 3057281872299555070

13073 Borgoz the Slicer (level 12, -9/96 HPs)
             Began as a Ghoul Enchanter on Mar 4, 2019.
             Was a Believer of Ashenzari.
             Mangled by a meliai
             ... wielding a +0 hand axe
              (13 damage)
             ... on level 11 of the Dungeon.
             The game lasted 00:39:01 (15559 turns).

Borgoz the Slicer (Ghoul Enchanter)                Turns: 15559, Time: 00:39:03

Health: -9/96      AC:  7    Str: 13    XL:     12   Next: 2%
Magic:  0/19       EV: 15    Int: 12    God:    Ashenzari [**....]
Gold:   820        SH:  0    Dex: 11    Spells: 14/21 levels left

rFire    . . .     SeeInvis +   a - +2 dagger (venom) (curse)
rCold    + . .     Gourm    .   (no shield)
rNeg     + + +     Faith    .   p - +0 leather armour
rPois    ∞         Spirit   +   k - +2 hat (curse)
rElec    .         Reflect  .   P - +0 cloak (curse)
rCorr    .         Harm     .   (no gloves)
MR       .....                  t - +0 pair of boots (curse)
Stlth    ++++......             J - amulet of guardian spirit
HPRegen  0.00/turn              (no ring)
MPRegen  0.16/turn              s - ring of see invisible

@: about to teleport, rotting
A: rotting body, claws 1, carnivore, cold resistance 1, negative energy
resistance 3, inhibited regeneration, torment resistance, unbreathing
a: Curse Item, Scrying, Renounce Religion


You were on level 11 of the Dungeon.
You worshipped Ashenzari.
Ashenzari was pleased with you.
You were not hungry.

You visited 3 branches of the dungeon, and saw 14 of its levels.

You collected 820 gold pieces.

Inventory:

Hand Weapons
 a - a cursed +2 dagger of venom (weapon)
 I - a +1 dagger of draining
 M - a +2 short sword of venom
Missiles
 b - 19 tomahawks
 h - 7 javelins of returning
 n - 8 poisoned needles
 o - 4 throwing nets (quivered)
 A - 2 tomahawks of dispersal
Armour
 j - a +1 chain mail of fire resistance
 k - a cursed +2 hat (worn)
 p - a +0 leather armour (worn)
 t - a cursed +0 pair of boots (worn)
 P - a cursed +0 cloak (worn)
Jewellery
 c - an uncursed amulet of harm
 q - an uncursed ring of fire
 s - a ring of see invisible (right claw)
 G - an uncursed ring of ice
 H - an uncursed amulet of magic regeneration
 J - an amulet of guardian spirit (around neck)
Wands
 v - a wand of polymorph (10)
 D - a wand of flame (36)
 E - a wand of enslavement (17)
 F - a wand of random effects (20)
 K - a wand of clouds (8)
Scrolls
 f - 5 scrolls of teleportation
 i - 2 scrolls of fear {unknown}
 l - 4 scrolls of remove curse
 m - 5 scrolls of magic mapping
 w - a scroll of enchant weapon
 x - 3 scrolls of amnesia
 y - a scroll of identify
 z - a scroll of random uselessness {unknown}
 B - a scroll of enchant armour {unknown}
 O - a scroll of blinking
Potions
 e - a potion of curing
 g - a potion of flight
 r - a potion of might
 u - 2 potions of haste
 C - a potion of resistance
 L - a potion of berserk rage {unknown}
Comestibles
 d - 29 rations
 N - 4 chunks of flesh


   Skills:
 + Level 6.0 Fighting
 + Level 9.6(11.7) Short Blades
 + Level 2.3 Armour
 + Level 7.1(8.6) Dodging
 + Level 9.6(11.0) Stealth
 + Level 5.4 Spellcasting
 + Level 5.7 Hexes
 - Level 4.2 Evocations


You had 14 spell levels left.
You knew the following spells:

 Your Spells              Type           Power        Failure   Level  Hunger
a - Corona                Hex            ###....      2%          1    None
b - Ensorcelled Hibernat  Hex/Ice        ##....       12%         2    ##.....
c - Confuse               Hex            ###.....     7%          3    ###....
d - Confusing Touch       Hex            ###...       2%          1    None

Your spell library contained the following spells:

 Spells                   Type           Power        Failure   Level  Hunger
 Tukima's Dance           Hex            ###.....     7%          3    ###....
 Dazzling Spray           Conj/Hex       ##....       22%         3    ###....
 Animate Skeleton         Necr           N/A          24%         1    None
 Apportation              Tloc           #.....       24%         1    None
 Summon Small Mammal      Summ           #...         24%         1    None


Dungeon Overview and Level Annotations

Branches:
Dungeon (12/15)            Temple (1/1) D:7            Lair (1/6) D:11
    Orc (0/2) D:12

Altars:
Ashenzari
Cheibriados
Dithmenos
Elyvilon
Fedhas
Gozag
Hepliaklqana
Kikubaaqudgha
Makhleb
Nemelex Xobeh
Okawaru
Qazlal
Ru
Sif Muna
Trog
Uskayaw
Vehumet
Wu Jian
Xom
Yredelemnul
Zin
The Shining One
Lugonu

Annotations:
D:11 3 runed translucent doors, HEYYEYAAE's ghost, journeyman OpHu


Innate Abilities, Weirdness & Mutations

Your body is rotting away.
You thrive on raw meat.
You are immune to poison.
You have sharp fingernails.
You are carnivorous and can eat meat at any time.
Your flesh is cold resistant. (rC+)
You are immune to negative energy. (rN+++)
You do not regenerate when monsters are visible.
You are immune to unholy pain and torment.
You can survive without breathing.


Message History

There is a stone staircase leading down here.
The meliai hits you with a +0 hand axe. The meliai stings you!
* * * LOW HITPOINT WARNING * * *
The meliai hits you with a +0 hand axe.
* * * LOW HITPOINT WARNING * * *
The meliai stings you.
* * * LOW HITPOINT WARNING * * *
The meliai hits you with a +0 hand axe!
* * * LOW HITPOINT WARNING * * *
The meliai misses you. The meliai hits you with a +0 hand axe.
* * * LOW HITPOINT WARNING * * *
The meliai stings you but does no damage.
Okay, then.
As you read the scroll of teleportation, it crumbles to dust.
You feel strangely unstable. The meliai hits you with a +0 hand axe!
* * * LOW HITPOINT WARNING * * *
The meliai stings you.
* * * LOW HITPOINT WARNING * * *
The meliai hits you with a +0 hand axe!
You die...

########### ###########
#.........# #.........#
########.........# #.........#
...÷÷÷.#.........#####.........#
######.'.........'..<#.....[...#
###.........###...........#
#........@# ###.........#
#.......yy# ########÷##
#.......>.# ###.# #.........#
###...# ##### ######'#### #...###
....# #.# ###'#######
###.#########'#### ###.........#
..#........?.....####.'.........#
./#.........[[...)[...#.........#


You could see 2 meliai.

Vanquished Creatures
  Harold (D:9)
  Erolcha (D:11)
  Erica (D:9)
  A two-headed ogre (D:8)
  A hydra (D:11)
  A deep elf mage (D:10)
  A manticore (D:11)
  A cyclops (D:11)
  Maurice (D:12)
  A gargoyle (D:10)
  A troll (D:9)
  A hornet (D:11)
  A hippogriff (D:9)
  A centaur simulacrum (D:11)
  A wyvern (D:9)
  5 yaks (D:11)
  3 wargs (D:11)
  A soldier ant (D:10)
  2 water moccasins
  5 orc warriors
  5 sky beasts
  An ice beast (D:11)
  A hornet zombie (D:10)
  A phantom (D:10)
  6 ogres
  A necrophage (D:11)
  4 centaurs
  A crocodile (D:11)
  11 bullfrogs
  A water moccasin zombie (D:8)
  3 scorpions
  10 killer bees (D:8)
  4 wights
  3 howler monkeys (D:7)
  2 centaur zombies
  A bullfrog zombie (D:7)
  4 crimson imps
  A jelly (D:11)
  14 orc wizards
  A bullfrog skeleton (D:6)
  4 orc priests
  A gnoll shaman (D:7)
  7 hounds
  An iron imp (D:6)
  2 iguanas (D:6)
  4 worker ants
  A hound zombie (D:7)
  2 hound skeletons
  A worker ant zombie (D:9)
  11 gnolls
  A howler monkey skeleton (D:6)
  15 adders
  5 shadow imps
  An adder zombie (D:6)
  An adder skeleton (D:9)
  A worm (D:3)
  3 dart slugs
  6 leopard geckos
  49 orcs
  2 ball pythons
  3 giant cockroaches
  9 goblins
  6 hobgoblins
  7 jackals
  6 quokkas
  7 bats
  4 frilled lizards
  7 kobolds
  A leopard gecko skeleton (D:7)
  A quokka zombie (D:8)
  10 rats
285 creatures vanquished.

Notes
Turn   | Place    | Note
-------+----------+-------------------------------------------
     0 | D:1      | Borgoz the Ghoul Enchanter began the quest for the Orb.
     0 | D:1      | Reached XP level 1. HP: 14/14 MP: 2/2
    51 | D:1      | Reached skill level 1 in Short Blades
    69 | D:1      | Reached XP level 2. HP: 6/20 MP: 3/3
    73 | D:1      | HP: 1/20 [hobgoblin/+0 club (5)]
   655 | D:1      | Learned a level 2 spell: Ensorcelled Hibernation
   926 | D:2      | Reached XP level 3. HP: 25/26 MP: 4/4
  1426 | D:2      | Reached XP level 4. HP: 33/33 MP: 5/5
  1734 | D:2      | Found a deep blue altar of Sif Muna.
  2060 | D:2      | Reached XP level 5. HP: 22/38 MP: 6/6
  2289 | D:3      | Found a bloodstained altar of Trog.
  2367 | D:3      | Learned a level 3 spell: Confuse
  2949 | D:4      | Found a radiant altar of Vehumet.
  2978 | D:4      | Found an ornate altar of the Wu Jian Council.
  3022 | D:4      | Reached XP level 6. HP: 35/45 MP: 7/7
  3580 | D:5      | Entered Level 5 of the Dungeon
  3675 | D:5      | Reached skill level 5 in Stealth
  3826 | D:5      | Found a glowing golden altar of the Shining One.
  4395 | D:6      | Reached XP level 7. HP: 30/50 MP: 8/8
  4890 | D:6      | Reached skill level 5 in Short Blades
  5178 | D:6      | Found a snail-covered altar of Cheibriados.
  5302 | D:6      | Found a snail-covered altar of Cheibriados.
  5441 | D:6      | Found a shattered altar of Ashenzari.
  5572 | D:6      | Became a worshipper of Ashenzari the Shackled
  5600 | D:6      | Reached XP level 8. HP: 38/57 MP: 9/9
  5998 | D:7      | Found a staircase to the Ecumenical Temple.
  6635 | Temple   | Entered the Ecumenical Temple
  6944 | D:8      | Noticed a gargoyle
  7018 | D:7      | Reached skill level 5 in Dodging
  7020 | D:7      | Reached XP level 9. HP: 26/63 MP: 5/12
  7197 | D:8      | Noticed a two-headed ogre
  7229 | D:8      | Killed a two-headed ogre
  7229 | D:8      | Reached skill level 1 in Fighting
  7229 | D:8      | Reached skill level 1 in Evocations
  7793 | D:8      | Found a blossoming altar of Fedhas.
  8231 | D:8      | Reached XP level 10. HP: 27/75 MP: 14/14
  8263 | D:8      | Reached * piety under Ashenzari
  9362 | D:10     | Entered Level 10 of the Dungeon
  9507 | D:9      | Found a sparkling altar of Nemelex Xobeh.
 10259 | D:9      | Noticed Harold
 10279 | D:9      | Killed Harold
 10456 | D:9      | Found a basalt altar of Yredelemnul.
 10457 | D:9      | Found an iron altar of Okawaru.
 10843 | D:9      | Found a stormy altar of Qazlal.
 10845 | D:9      | Noticed Erica
 10855 | D:9      | Killed Erica
 10984 | D:9      | Found a hazy altar of Hepliaklqana.
 10984 | D:9      | Found an ancient bone altar of Kikubaaqudgha.
 11378 | D:10     | Reached XP level 11. HP: 80/85 MP: 14/16
 11391 | D:10     | Noticed a deep elf mage
 11407 | D:10     | Killed a deep elf mage
 11802 | D:10     | Reached skill level 5 in Hexes
 12615 | D:11     | Noticed Erolcha
 12634 | D:11     | Killed Erolcha
 12634 | D:11     | Reached skill level 5 in Fighting
 13120 | D:11     | Reached skill level 5 in Spellcasting
 13427 | D:11     | Found a runed translucent gate.
 13428 | D:11     | Found a runed translucent gate.
 13428 | D:11     | Found a runed translucent gate.
 13435 | D:11     | Noticed HEYYEYAAE's ghost (journeyman OpHu)
 13436 | D:11     | Noticed a frost giant
 13462 | D:11     | Noticed a five-headed hydra
 13480 | D:11     | Killed a five-headed hydra
 13480 | D:11     | Reached skill level 1 in Armour
 13675 | D:11     | Learned a level 1 spell: Confusing Touch
 13987 | D:11     | Found a staircase to the Lair.
 14163 | Lair:1   | Entered Level 1 of the Lair of Beasts
 14184 | D:11     | Noticed a cyclops
 14194 | D:11     | Killed a cyclops
 14304 | D:11     | Noticed a manticore
 14555 | D:12     | Found a staircase to the Orcish Mines.
 14609 | D:11     | Reached ** piety under Ashenzari
 14806 | D:11     | Killed a manticore
 15514 | D:12     | Noticed Maurice
 15521 | D:12     | Killed Maurice
 15521 | D:12     | Reached XP level 12. HP: 96/96 MP: 19/19
 15559 | D:11     | HP: 4/96 [meliai/+0 hand axe (1)]
 15559 | D:11     | Mangled by a meliai

Skill      XL: |  1  2  3  4  5  6  7  8  9 10 11 |
---------------+----------------------------------+-----
Short Blades   | 1 2 3 4 5 6 7 8 9 |  9.6
Dodging        | 2 3 4 5 6 7 |  7.1
Stealth        | 4 5 6 7 8 9 |  9.6
Spellcasting   | 2 3 4 5 |  5.4
Hexes          | 3 4 5 |  5.7
Fighting       | 2 4 6 |  6.0
Evocations     | 2 3 4 |  4.2
Armour         | 2 |  2.3

Action                   |  1- 3 |  4- 6 |  7- 9 | 10-12 || total
-------------------------+-------+-------+-------+-------++-------
Melee: Dagger            |   104 |   202 |   485 |   732 ||  1523
Throw: Throwing net      |       |       |       |     5 ||     5
 Cast: Corona            |     2 |       |       |       ||     2
       Ensorcelled Hiber |     4 |     1 |    10 |    58 ||    73
       Confuse           |       |       |     3 |    21 ||    24
       Confusing Touch   |       |       |       |    13 ||    13
Invok: Curse Item        |       |       |       |     3 ||     3
Evoke: Wand              |       |       |       |     5 ||     5
  Use: Scroll            |     1 |     4 |     5 |    10 ||    20
       Potion            |       |       |       |    11 ||    11
 Stab: Sleeping          |     8 |     9 |    16 |    18 ||    51
       Held in net/web   |       |       |       |     4 ||     4
       Confused          |       |       |       |    22 ||    22
  Eat: Chunk             |     6 |     9 |    29 |    47 ||    91
Armor: Robe              |    28 |    20 |       |       ||    48
       Leather armour    |       |    33 |   122 |   107 ||   262
Dodge: Dodged            |    62 |   112 |   301 |   342 ||   817
